 Dungeon Crawl Stone Soup version 0.30.1-3-gfc49f6343a (webtiles) character file.

Game seed: 2839690222357273452

103 Bronimir the Covert (level 4, 0/26 HPs)
             Began as a Vampire Brigand on July 29, 2023.
             Slain by a ball python (1 damage)
             ... on level 3 of the Dungeon.
             The game lasted 00:09:19 (2467 turns).

Bronimir the Covert (Vampire Brigand)               Turns: 2467, Time: 00:09:19

Health: 0/26       AC:  3    Str:  9 (10) XL:     4   Next: 51%
Magic:  4/4        EV:  9    Int: 12 (13) God:
Gold:   193        SH:  0    Dex: 16 (17) Spells: 3/3 levels left

rFire   . . .        a - +2 dagger
rCold   + + .        (no shield)
rNeg    + + +        b - +0 robe
rPois   ∞            (no helmet)
rElec   .            c - +0 cloak
rCorr   .            (no gloves)
SInv    +            (no boots)
Will    .....        (no amulet)
Stlth   ++++++       (no ring)
HPRegen 0.00/turn    (no ring)
MPRegen 0.09/turn

%: no passive effects
@: bloodless, inhibited regen, constricted
A: bloodless, fangs 3, see invisible, vampiric 2
a: Bat Form, Revivify


You were on level 3 of the Dungeon.
You visited 1 branch of the dungeon, and saw 4 of its levels.

You collected 193 gold pieces.

Inventory:

Hand Weapons
 a - a +2 dagger (weapon)
 l - a +1 spear of distortion
 p - a +0 rapier
Missiles
 d - 6 poisoned darts (quivered)
 e - 3 curare-tipped darts
 i - a throwing net
 k - 6 javelins
Armour
 b - a +0 robe (worn)
 c - a +0 cloak (worn)
Jewellery
 j - a ring of resist corrosion
 m - a +5 ring of evasion
Scrolls
 h - 2 scrolls of identify
 n - 2 scrolls of teleportation
 q - a scroll of magic mapping {unknown}
Potions
 f - a potion of haste {unknown}
 g - a potion of magic
 o - a potion of lignification {unknown}
 r - a potion of curing {unknown}
 s - a potion of heal wounds {unknown}


   Skills:
 + Level 1.9 Fighting
 * Level 2.6 Short Blades
 + Level 1.5 Throwing
 * Level 2.1 Dodging
 * Level 8.3 Stealth


You had 3 spell levels left.
You didn't know any spells.
Your spell library contained the following spells:

 Spells                   Type           Power      Damage    Failure   Level
 Stone Arrow              Conj/Erth      0%         3d7       69%         3
 Animate Armour           Summ/Erth      0%         N/A       97%         4
 Lehudib's Crystal Spear  Conj/Erth      0%         10d2      100%        8


Dungeon Overview and Level Annotations

Branches:
Dungeon (4/15)
 Temple: D:4-7

Altars:
Kikubaaqudgha


Innate Abilities, Weirdness & Mutations

You do not regenerate when monsters are visible.
You are frail without blood (-20% HP).
You can heal yourself when you bite living creatures.
You are immune to poison.
You have razor-sharp teeth.
You have supernaturally acute eyesight. (SInv)
You are afflicted with vampirism and can become a bat while bloodless.


Message History

You are too injured to fight recklessly!
You are too injured to fight recklessly!
You are too injured to fight recklessly!
You are too injured to fight recklessly!
You closely miss the ball python.
The ball python is heavily wounded.
The ball python bites you. The ball python constricts you.
You barely miss the ball python.
The ball python is heavily wounded.
The ball python bites you but does no damage.
The ball python constricts you.
You closely miss the ball python.
The ball python is heavily wounded.
The ball python closely misses you. The ball python constricts you.
You barely miss the ball python.
The ball python is severely wounded.
The ball python bites you.
* * * LOW HITPOINT WARNING * * *
The ball python constricts you.
* * * LOW HITPOINT WARNING * * *
The ball python bites you but does no damage.
The ball python constricts you.
You escape the ball python's grasp.
The ball python looks more healthy.
The ball python attacks as you move away!
The ball python bites you.
* * * LOW HITPOINT WARNING * * *
The ball python misses you.
You are too injured to fight recklessly!
You are too injured to fight recklessly!
Throw: 7 darts (poison)
Press: ? - help, Q - select action, (/) - cycle Shift-Dir - straight line, f/p - ball python
Aim: a ball python (severely wounded, 55% to hit)
You throw a poisoned dart.
The poisoned dart barely misses the ball python.
The ball python bites you.
* * * LOW HITPOINT WARNING * * *
The ball python grabs you. The ball python constricts you.
It was a potion of magic.
Magic courses through your body. The ball python bites you.
You die...

.....###.....##..# #.# #...##!..#
.....##......##..###.###...##.#.#
#....##....####............#..#..
#....##....# #............#.####
.....##....# #............#.#
.......##### ####+#.#+##....#
.......# #...#(...####
.......############..(.####
................@S..>#.#
.##.....############.#.#
.##.....# #.#.# .##.....# #.#.#
.##.....# #.#.# .###....# #.#.#
.# #....############.#.# .#
#....##<..........#.# .#
###################.##


You could see a ball python.

Vanquished Creatures
  4 adders (D:2)
  2 worms (D:2)
  5 dart slugs
  An orc (D:3)
  3 bats (D:1)
  4 endoplasms (D:2)
  A giant cockroach (D:3)
  7 goblins
  5 hobgoblins
  A quokka (D:1)
  5 ball pythons
  5 frilled lizards
  6 kobolds
  2 rats
51 creatures vanquished.

Notes
Turn   | Place    | Note
-------+----------+-------------------------------------------
     0 | D:1      | Bronimir the Vampire Brigand began the quest for the Orb.
     0 | D:1      | Reached XP level 1. HP: 16/16 MP: 1/1
    24 | D:1      | You fall into a shaft and drop 1 floor!
    36 | D:2      | Reached skill level 6 in Stealth
    36 | D:2      | Reached XP level 2. HP: 17/17 MP: 2/2
   289 | D:1      | Reached skill level 7 in Stealth
   293 | D:1      | Gained mutation: You are afflicted with vampirism and can
                  | become a bat while bloodless. [Vampire growth]
   293 | D:1      | Reached XP level 3. HP: 21/21 MP: 3/3
  1218 | D:2      | Reached XP level 4. HP: 26/26 MP: 4/4
  1363 | D:2      | Reached skill level 8 in Stealth
  2155 | D:3      | Found an ancient bone altar of Kikubaaqudgha.
  2466 | D:3      | HP: 1/26 [ball python (3)]
  2467 | D:3      | Slain by a ball python

Illustrated notes

Levels and vault maps discovered:
D:1:      erik_arrival_cave_to_civilisation [erik_arrival_cave_to_hall],
          layout_basic, nrook_mini_vaults, minmay_misc_feat_rugged
D:2:      layout_loops_ring, minmay_small_reverse_x
D:3:      layout_basic, mainiacjoe_overflow_24_doors, lemuel_doored_altar
D:4:      layout_rooms, okawaru_gym_becter, ebering_ghost_reflecting_pool,
          st_stairs_6

Skill      XL: |  1  2  3  4 |
---------------+-------------+-----
Stealth        | 6 7 8 |  8.3
Dodging        | 2 |  2.1
Fighting       | |  1.9
Short Blades   | |  2.6
Throwing       | |  1.5

Action                     |  1- 3 |  4- 6 || total
---------------------------+-------+-------++-------
  Melee: Dagger            |    74 |    65 ||   139
         Bite              |     8 |     8 ||    16
         Unarmed           |     3 |       ||     3
  Throw: Dart              |       |    11 ||    11
Ability: Exsanguinate      |     1 |       ||     1
         End Transformatio |     1 |       ||     1
         Bat Form          |     1 |       ||     1
    Use: Scroll            |       |     5 ||     5
         Potion            |       |     1 ||     1
   Stab: Sleeping          |    20 |     7 ||    27
 Armour: Robe              |    10 |     8 ||    18
  Dodge: Dodged            |    30 |    36 ||    66
